 Dungeon Crawl Stone Soup version 0.18-a0-739-gdae9da8 (webtiles) character file.

257 Oleczek the Skirmisher (level 6, -5/41 HPs)
             Began as a Gargoyle Fighter on Dec 10, 2015.
             Slain by HandofTrog's ghost (15 damage)
             ... on level 4 of the Dungeon.
             The game lasted 00:12:49 (2184 turns).

Oleczek the Skirmisher (Gargoyle Fighter)           Turns: 2184, Time: 00:12:49

Health: -5/41      AC: 13    Str: 21    XL:     6   Next: 16%
Magic:  6/6        EV:  7    Int:  9    God:
Gold:   185        SH:  9    Dex:  9    Spells: 0 memorised, 5 levels left

rFire  . . .     SeeInvis .     a - +0 flail
rCold  . . .     Clarity  .     b - +0 scale mail
rNeg   + . .     SustAt   .     c - +0 shield
rPois  ∞         Gourm    .     h - +0 helmet
rElec  +         Spirit   .     (no cloak)
rCorr  .         Dismiss  .     (no gloves)
rMut   .         Stasis   .     k - +0 pair of boots
MR     .....                    (no amulet)
Stlth  ..........               (no ring)
                                (no ring)

@: not resistant to hostile enchantments, extremely unstealthy
A: negative energy resistance 1, electricity resistance, unbreathing,
petrification resistance, rot immunity, AC +4
a: no special abilities


You were on level 4 of the Dungeon.
You were hungry.

You visited 1 branch of the dungeon, and saw 4 of its levels.

You collected 185 gold pieces.

Inventory:

Hand Weapons
 a - a +0 flail (weapon)
Armour
 b - a +0 scale mail (worn)
 c - a +0 shield (worn)
 h - a +0 helmet (worn)
 k - a +0 pair of boots (worn)
Jewellery
 l - an uncursed amulet of clarity {unknown}
Scrolls
 f - 3 scrolls of recharging
 o - a scroll of amnesia
 s - a scroll of remove curse
Potions
 d - 2 potions of might
 g - 2 potions of brilliance
 j - 4 potions of flight
 n - a potion of lignification {unknown}
 p - a potion of ambrosia
Comestibles
 e - 4 bread rations
 m - a royal jelly
 q - a meat ration


   Skills:
 + Level 5.7 Fighting
 + Level 4.5 Maces & Flails
 - Level 3.2 Armour
 - Level 3.2 Shields


You had 5 spell levels left.
You didn't know any spells.

Dungeon Overview and Level Annotations

Branches:
Dungeon (4/15)
 Temple: D:4-7

Altars:
Ashenzari
Kikubaaqudgha
Qazlal
Xom
Yredelemnul

Annotations:
D:4 HandofTrog's ghost, novice HuWn


Innate Abilities, Weirdness & Mutations

You are resistant to torment.
Your stone body is resilient (AC +4).
You are immune to poison.
You resist negative energy.
You are resistant to electric shocks.
You can survive without breathing.
You are immune to petrification.
You are immune to rotting.


Message History

* * * LOW HITPOINT WARNING * * *
You closely miss HandofTrog's ghost.
HandofTrog's ghost is moderately damaged.
HandofTrog's ghost hits you but does no damage.
You block HandofTrog's ghost's attack.
Your shield prevents you from hitting HandofTrog's ghost.
HandofTrog's ghost is moderately damaged.
HandofTrog's ghost hits you but does no damage.
You hit HandofTrog's ghost but do no damage.
HandofTrog's ghost is moderately damaged.
HandofTrog's ghost hits you.
* * * LOW HITPOINT WARNING * * *
You hit HandofTrog's ghost but do no damage.
HandofTrog's ghost is moderately damaged.
HandofTrog's ghost barely misses you.
The orc wizard looks braver for a moment.
You hit HandofTrog's ghost but do no damage.
HandofTrog's ghost is moderately damaged.
HandofTrog's ghost hits you!
You die...

#..≈#≈# #.#
#.≈≈≈≈# #.#
#..≈#≈# #..
#..≈≈≈# ###
##...#≈#
#...≈≈≈#
#....≈≈######
#.#####o.....
#....@Wsa....
#######o.....
(.... # ....
# ... . .. .


You could see a scorpion, a worker ant, an orc wizard, HandofTrog's ghost and an
orc.

Vanquished Creatures
  A scorpion (D:3)
  A worker ant (D:4)
  4 gnolls (D:3)
  8 adders
  2 oozes
  2 worms
  A giant gecko (D:1)
  3 orcs (D:3)
  4 giant cockroaches
  6 goblins
  6 hobgoblins
  4 kobolds
  A quokka (D:3)
  A ball python (D:3)
  9 bats
  8 giant newts
  5 rats
66 creatures vanquished.

Notes
Turn   | Place    | Note
--------------------------------------------------------------
     0 | D:1      | Oleczek the Gargoyle Fighter began the quest for the Orb.
     0 | D:1      | Reached XP level 1. HP: 14/14 MP: 1/1
   157 | D:1      | Reached XP level 2. HP: 16/19 MP: 2/2
   535 | D:2      | Reached skill level 4 in Fighting
   535 | D:2      | Reached XP level 3. HP: 22/24 MP: 3/3
   823 | D:2      | Reached XP level 4. HP: 23/30 MP: 4/4
   964 | D:2      | Found a stormy altar of Qazlal.
   985 | D:2      | Found a shimmering altar of Xom.
  1002 | D:2      | Found a shattered altar of Ashenzari.
  1059 | D:2      | Found an ancient bone altar of Kikubaaqudgha.
  1468 | D:3      | Reached XP level 5. HP: 28/34 MP: 5/5
  1475 | D:3      | Reached skill level 5 in Fighting
  1685 | D:3      | Found a basalt altar of Yredelemnul.
  2061 | D:3      | Reached XP level 6. HP: 40/40 MP: 6/6
  2166 | D:4      | Noticed HandofTrog's ghost (novice HuWn)
  2184 | D:4      | Slain by HandofTrog's ghost

Vault maps used:
D:1:      minmay_arrival_radiant_lines, minmay_distorted
D:2:      nicolae_overflow_quartered_altars, serial_bayou_ford_a, minmay_cut_off
D:3:      lemuel_doored_altar, st_stairs_10
D:4:      elyvilon_altar_5, lightli_sewer_entry_pipes, first_bread,
          serial_shops, shop

Action                   |  1- 3 |  4- 6 || total
-------------------------+-------+-------++-------
Melee: Flail             |   100 |   140 ||   240
  Use: Scroll            |     3 |     7 ||    10
       Potion            |       |     2 ||     2
  Eat: Chunk             |       |     4 ||     4
